Map: Pillars of Gold LE

Players

FALCON

  • Race: Terran Terran
  • Spawn Location: 7:00

ViBE - Winner!

  • Race: Terran Terran
  • League: Bronze
  • Spawn Location: 1:00

VOD

https://www.youtube.com/watch?v=VjhJ7E-kFgw&list=PLFeZeom2b4DnD3FIu7pzkXl51JX_WWz2h&index=2

Description

Time

  • Played on: March 10, 2021, 6:55 p.m.
  • Length: 16:45
Show
View Real Time Build Order
Export as new Build Order

FALCON Terran 

Build Orders: 2 Factory, Gas First Reaper Expand, Mech 

Get SALT Encoding   

  12  0:01  SCV  
  13  0:18  SCV  
  13  0:19  Supply Depot  
  14  0:30  Refinery, SCV  
  15  0:45  Barracks  
  15  0:46  SCV  
  16  0:58  SCV  
  17  1:10  SCV  
  18  1:23  SCV  
  19  1:35  Reaper  
  19  1:39  Command Center  
  20  1:48  Orbital Command  
  20  2:02  Factory  
  20  2:27  Factory  
  20  2:57  Barracks Reactor  
  20  2:58  SCV  
  22  3:06  Orbital Command  
  22  3:11  SCV  
  22  3:13  Factory Tech Lab  
  22  3:18  Starport  
  22  3:23  SCV  
  23  3:28  Supply Depot  
  23  3:33  Marine  
  23  3:34  Marine  
  25  3:35  SCV  
  26  3:47  SCV  
  26  3:48  SCV  
  28  3:51  Marine x2  
  28  3:55  Refinery  
  30  3:58  Starport Tech Lab  
  30  3:59  SCV  
  30  4:00  SCV  
  32  4:08  Factory  
  32  4:09  Marine x2  
  34  4:11  SCV  
  34  4:12  SCV  
  36  4:23  Infernal Pre-Igniter  
  36  4:24  SCV  
  36  4:27  Marine x2  
  36  4:28  SCV  
  40  4:36  SCV  
  40  4:38  Bunker  
  41  4:40  SCV  
  42  4:48  SCV  
  43  4:53  SCV  
  44  5:00  SCV  
  44  5:05  SCV  
  46  5:25  SCV  
  46  5:37  Factory Reactor  
  46  5:41  Barracks x2  
  46  5:43  Barracks  
  46  5:49  Supply Depot  
  46  5:52  Supply Depot  
  46  6:00  SCV x2  
  48  6:06  Marine x2  
  50  6:12  SCV x2, Siege Tank, Supply Depot  
  50  6:16  Medivac  
  57  6:22  Hellion x2  
  57  6:23  Marine  
  57  6:24  Marine, SCV  
  64  6:27  Barracks Reactor  
  64  6:32  Barracks Tech Lab  
  64  6:34  Fusion Core  
  64  6:40  Engineering Bay  
  64  6:43  Hellion x2  
  64  6:46  Medivac  
  70  6:52  Stimpack  
  70  7:00  Supply Depot  
  70  7:01  Supply Depot  
  70  7:16  Command Center  
  70  7:21  Marine x2  
  72  7:24  Supply Depot x2  
  72  7:35  Refinery  
  72  7:36  SCV  
  73  7:37  Refinery  
  73  7:39  Marine x2  
  73  7:41  Marine x2  
  77  7:48  SCV, Marauder  
  80  7:57  Marine x2  
  82  7:59  Marine x2  
  82  8:02  Armory  
  84  8:09  Marauder  
  86  8:14  Marine  
  86  8:15  Marine  
  86  8:16  Marine  
  86  8:17  Marine  
  90  8:31  Marauder  
  90  8:32  Marine x2, Concussive Shells  
  94  8:34  Marine x2  
  94  8:46  Battlecruiser  
  100  9:00  Marine x2  
  100  9:02  Marine x2  
  105  9:05  Marauder  
  106  9:12  Terran Infantry Weapons Level 1  
  106  9:14  Combat Shield  
  106  9:16  Armory  
  106  9:18  Marine x2, Engineering Bay  
  106  9:19  Marine  
  106  9:24  Missile Turret  
  109  9:27  Marine, Marauder  
  112  9:35  Thor, Marine  
  112  9:36  Marine  
  112  9:37  Marine  
  121  9:43  Missile Turret  
  121  9:44  SCV  
  122  9:45  Marine  
  122  9:47  SCV  
  124  9:53  Marine  
  125  10:15  Supply Depot  
  125  10:19  Marine x4, SCV x2, Marauder  
  133  10:37  Marine x4, SCV x3, Battlecruiser  
  133  10:40  Marauder  
  148  10:49  SCV x3  
  151  10:54  Marine  
  151  10:55  Marine  
  151  10:57  Marine x2  
  153  11:01  SCV x2, Barracks  
  157  11:11  Barracks  
  157  11:20  Supply Depot x2  
  157  11:24  Marine x3  
  157  11:25  SCV x3, Marauder  
  165  11:31  Marine, Hellion x2  
  170  11:37  Refinery, SCV  
  170  11:39  Refinery  
  172  11:42  Marine x3, Battlecruiser  
  180  11:48  Marine  
  180  11:53  Hellion x2  
  184  12:00  Marine x3  
  187  12:06  Marine  
  188  12:18  Marine  
  189  12:28  Marine  
  188  12:30  Hellion  
  188  12:36  Hellion  
  154  12:52  Hellion  
  154  12:57  Hellion  
  46  15:39  Marine x2  
  50  15:50  Marauder  
  50  15:52  Thor  
  50  15:57  Marine x2  
  58  16:05  Marine  
  58  16:06  Marine  
  58  16:11  Hellion x2, Marauder  
  66  16:14  Marine  
  66  16:15  Marine  
  66  16:23  Marine x2  
Show
View Real Time Build Order
Export as new Build Order

ViBE Terran - Winner!

Build Orders:  

Get SALT Encoding   

  12  0:00  SCV  
  13  0:12  SCV  
  14  0:20  Supply Depot  
  14  0:25  SCV  
  15  0:42  SCV  
  16  0:45  Barracks  
  16  0:54  Refinery, SCV  
  17  1:06  SCV  
  18  1:18  SCV  
  19  1:30  SCV  
  20  1:34  Marine  
  21  1:42  Command Center  
  21  1:47  Orbital Command  
  21  1:53  Supply Depot  
  21  1:56  Marine  
  22  2:12  SCV  
  22  2:15  Barracks Reactor  
  23  2:20  Factory  
  23  2:25  SCV  
  24  2:35  Supply Depot  
  24  2:37  SCV  
  25  2:49  SCV  
  26  2:53  Marine x2  
  26  2:58  Orbital Command  
  28  3:01  SCV  
  29  3:05  Refinery  
  29  3:10  Barracks  
  29  3:11  Factory Tech Lab  
  29  3:16  SCV  
  30  3:27  SCV  
  30  3:28  SCV  
  32  3:38  Marine x2  
  32  3:39  SCV  
  32  3:40  SCV, Siege Tank  
  39  3:48  Supply Depot  
  39  3:51  SCV  
  39  3:52  SCV  
  41  3:59  Barracks Tech Lab  
  41  4:00  Starport  
  41  4:03  SCV  
  41  4:04  SCV  
  41  4:08  Marine x2  
  45  4:12  Siege Tank  
  45  4:15  SCV  
  45  4:16  SCV  
  50  4:20  Supply Depot  
  50  4:24  Supply Depot  
  50  4:27  SCV  
  50  4:28  SCV  
  52  4:35  Stimpack  
  52  4:36  Marine x3  
  55  4:39  SCV  
  55  4:41  SCV  
  57  4:52  SCV  
  58  4:57  SCV  
  59  5:04  SCV  
  59  5:05  Marine  
  59  5:06  Marine x2  
  63  5:08  Siege Tank  
  63  5:09  Starport Reactor  
  63  5:11  SCV  
  67  5:16  SCV  
  68  5:23  SCV  
  68  5:25  Command Center  
  68  5:26  Marine x3  
  68  5:28  SCV  
  73  5:35  Refinery  
  73  5:36  Refinery, SCV  
  73  5:40  SCV  
  75  5:43  Engineering Bay  
  75  5:45  Engineering Bay  
  75  5:48  SCV  
  75  5:49  Marine x2  
  78  5:56  Supply Depot  
  78  5:57  Supply Depot x2  
  78  5:58  Supply Depot  
  78  6:06  Supply Depot x2  
  78  6:11  Terran Infantry Armor Level 1, Terran Infantry Weapons Level 1  
  78  6:17  Marine  
  78  6:18  SCV, Siege Tank  
  83  6:22  SCV  
  83  6:24  Marine x2  
  86  6:27  Medivac x2  
  86  6:30  SCV, Combat Shield  
  91  6:35  Marine  
  91  6:36  SCV x2  
  94  6:47  SCV  
  95  6:48  SCV, Orbital Command  
  96  6:56  Marine x3  
  96  6:58  Medivac x2  
  103  7:11  Barracks  
  103  7:12  Barracks x3  
  103  7:16  Marine x2  
  103  7:17  Marine  
  106  7:32  Medivac x2  
  106  7:34  SCV x2  
  106  7:35  SCV  
  113  7:47  SCV x2  
  113  7:48  SCV  
  116  8:02  Command Center  
  116  8:06  SCV x3  
  116  8:07  Refinery x2  
  119  8:13  Barracks Reactor x2  
  119  8:14  Barracks Reactor  
  119  8:18  SCV x3  
  120  8:23  Marine x3  
  120  8:24  Medivac x2  
  126  8:30  SCV x3  
  129  8:35  Armory  
  129  8:38  Barracks x2  
  129  8:40  Barracks  
  129  8:42  SCV x2  
  129  8:43  SCV, Barracks  
  132  8:48  Supply Depot x2  
  132  8:49  Supply Depot  
  132  8:54  SCV  
  132  8:55  SCV x2  
  135  8:56  Marine  
  135  8:57  Marine x5  
  141  9:09  Marine x3  
  141  9:10  Medivac x2  
  141  9:14  Marine  
  141  9:15  Marine x5  
  154  9:22  Planetary Fortress  
  154  9:27  Marine x3  
  154  9:29  SCV x3  
  160  9:32  Marine x3, Command Center  
  160  9:33  Barracks Reactor  
  160  9:34  Barracks Reactor x3  
  160  9:37  Terran Infantry Weapons Level 2  
  160  9:38  Terran Infantry Armor Level 2  
  163  9:40  Medivac  
  163  9:41  Marine, SCV x3  
  163  9:42  Marine x2  
  163  9:45  Marine x3  
  171  9:48  Supply Depot x2  
  171  9:49  Supply Depot  
  171  9:50  Marine x3  
  177  9:53  SCV x3  
  180  10:09  Marine x3, SCV  
  184  10:38  Command Center  
  184  11:24  Marine x10  
  184  11:25  Marine x6  
  198  12:16  Barracks  
  198  12:19  Barracks x3  
  198  12:22  Planetary Fortress  
  198  12:24  Barracks  
  198  12:28  Barracks  
  198  12:29  Barracks x2  
  187  12:33  Barracks x2  
  187  12:36  Barracks  
  165  12:50  Terran Infantry Weapons Level 3  
  165  12:51  Terran Infantry Armor Level 3  
  147  12:52  Terran Vehicle Weapons Level 1  
  94  13:10  Marine x5  
  94  13:11  Marine x17  
  116  13:13  Starport  
  116  13:14  Medivac  
  116  13:15  Medivac  
  116  13:18  Barracks Tech Lab  
  116  13:19  Barracks Tech Lab  
  111  13:20  Barracks Tech Lab  
  111  13:21  Barracks Tech Lab  
  110  13:27  Barracks Reactor  
  110  13:28  Barracks Reactor, Marine x6  
  110  13:29  Barracks Reactor x4  
  110  13:30  Barracks Reactor  
  116  13:39  Marine x15  
  116  13:44  Medivac x2  
  116  13:46  Marine x6  
  116  13:47  SCV x2  
  116  13:48  SCV x2  
  117  13:57  Marine x13  
  117  13:58  Marine x3  
  125  14:04  Marine x6  
  125  14:05  Marine x8  
  135  14:14  Marine x3  
  135  14:15  Marine x12  
  135  14:16  Marine x2  
  135  14:17  Marine  
  133  14:21  Marine, Starport Reactor  
  133  14:22  Marine x2  
  133  14:23  Marine x8  
  143  14:26  Marine  
  143  14:30  Marine  
  139  14:32  Marine x5  
  139  14:33  Marine x7, Barracks  
  139  14:34  Marine x3, Barracks  
  139  14:35  Barracks  
  139  14:36  Barracks  
  139  14:37  Marine, Barracks  
  153  14:38  Barracks  
  153  14:39  Marine  
  153  14:40  Marine x2, Barracks x2  
  153  14:41  Marine x7  
  153  14:43  Planetary Fortress  
  153  14:44  Marine  
  153  14:45  SCV x4  
  162  14:48  Marine, Medivac x2  
  162  14:49  Marine  
  162  14:50  Marine x5  
  162  14:51  Marine x7  
  162  14:52  Marine  
  180  14:55  Marine  
  180  14:57  Marine  
  180  14:59  Command Center  
  183  15:00  Marine  
  183  15:02  Marine  
  183  15:06  Marine  
  183  15:11  Marine  
  183  15:12  Marine x16  
  200  15:27  Command Center  
  200  15:28  Barracks Reactor x10  
  199  15:29  Barracks Reactor x2  
  197  16:13  Command Center  
  197  16:19  SCV x3  
  200  16:36  Barracks Reactor x2  
Tags
 
Composition
Mech
League
Bronze
Matchup
TvT
Player
ViBE
Race
Terran
Replay Pack
Bronze_League
Spawn Locations
Cross Positions
Add a new tag
Caveats
  • Supply blocks, unpowered buildings, or Contaminate may cause inaccurate times.
  • Supply counts are checked every 10 seconds.